 Dungeon Crawl Stone Soup version 0.31-a0-940-gdaa99269f9 (webtiles) character file.

Game seed: 3575150662251627584

238 senseless the Changeling (level 6, 0/39 HPs)
             Began as an Octopode Shapeshifter on Oct 20, 2023.
             Was a Believer of Elyvilon.
             Slain by a sky beast (2 damage)
             ... on level 6 of the Dungeon.
             The game lasted 00:09:09 (2732 turns).

senseless the Changeling (Octopode Shapeshifter)    Turns: 2732, Time: 00:09:10

Health: 0/39       AC:  1    Str: 14    XL:     6   Next: 7%
Magic:  6/6        EV: 14    Int: 18    God:    Elyvilon [**....]
Gold:   177        SH:  0    Dex: 13    Spells: 3/5 levels left

rFire   + .          .
                       - Unarmed
rCold   x . .        (no shield)
rNeg    . . .        (helmet currently unavailable)
rPois   .            x - amulet of magic regeneration
rElec   .            A - +6 ring of intelligence
rCorr   .            B - ring of fire
SInv    .            C - ring of flight
Will    .....        (no ring)
Stlth   +++          (no ring)
HPRegen 0.26/turn    (no ring)
MPRegen 0.50/turn    (no ring)
                     (no ring)

%: no passive effects
@: beast-form, flying
A: beast (slay +2), almost no armour, amphibious, 8 rings, camouflage 1,
gelatinous body 1, (nimble swimmer 1), tentacles
a: Begin Untransformation, Renounce Religion, Purification, Heal Other


You were on level 6 of the Dungeon.
You worshipped Elyvilon.
Elyvilon was pleased with you.
You were a hulking beast.
You visited 1 branch of the dungeon, and saw 6 of its levels.

You collected 177 gold pieces.

Inventory:

Armour
 f - a +1 hat
 y - a +0 kite shield
Jewellery
 x - an amulet of magic regeneration (around mantle)
 A - a +6 ring of intelligence (left tentacle)
 B - a ring of fire (right tentacle)
 C - a ring of flight (on tentacle)
Talismans
 b - a beast talisman (active)
 c - a flux talisman
 p - a blade talisman
 u - a talisman of death
Scrolls
 d - a scroll of identify
 h - 3 scrolls of poison
 k - a scroll of torment {unknown}
 l - a scroll of enchant weapon {unknown}
 m - a scroll of teleportation {unknown}
 n - a scroll of enchant armour {unknown}
 o - a scroll of noise {unknown}
 r - a scroll of fog {unknown}
 s - 3 scrolls of fear {unknown}
 w - 2 scrolls of amnesia {unknown}
Potions
 a - 2 potions of lignification
 e - a potion of attraction
 g - a potion of brilliance
 v - a potion of magic
 z - 2 potions of cancellation


   Skills:
 + Level 2.3 Fighting
 + Level 3.1 Dodging
 + Level 3.2 Stealth
 + Level 3.7 Unarmed Combat
 * Level 4.2 Shapeshifting


You had 3 spell levels left.
You knew the following spells:

 Your Spells              Type           Power      Damage    Failure   Level
a - Blink                 Tloc           0%         N/A       32%         2

Your spell library contained the following spells:

 Spells                   Type           Power      Damage    Failure   Level
 Magic Dart               Conj           0%         1d3       22%         1
 Call Imp                 Summ           0%         N/A       32%         2
 Ensorcelled Hibernation  Hex/Ice        0%         N/A       32%         2
 Jinxbite                 Hex            0%         N/A       32%         2
 Lesser Beckoning         Tloc           0%         N/A       32%         2
 Momentum Strike          Conj/Tloc      0%         3d8       32%         2
 Mephitic Cloud           Conj/Pois/Air  0%         N/A       54%         3
 Volatile Blastmotes      Fire/Tloc      0%         2d10      54%         3
 Anguish                  Hex/Necr       0%         N/A       91%         4
 Fulminant Prism          Conj/Hex       0%         3d5       91%         4
 Iskenderun's Mystic Bla  Conj/Tloc      0%         2d3       91%         4


Dungeon Overview and Level Annotations

Branches:
Dungeon (5/15)
 Temple: D:4-7

Altars:
Elyvilon


Innate Abilities, Weirdness & Mutations

You are a hulking beast.
Your limbs bulge with bestial killing power. (Slay +2)
You cannot wear most types of armour.
You are amphibious.
You can wear up to eight rings at the same time.
Your skin changes colour to match your surroundings (Stealth+).
Your rubbery body absorbs attacks. (AC +1, EV +1)
((You are camouflaged when in or above water. (Stealth+)))
You have tentacles for arms and can constrict up to eight enemies at once.


Message History

The sky beast is lightly wounded.
The sky beast flickers out of sight!
Deactivating autopickup; reactivate with Ctrl-A.
Something hits you. Something shocks you.
No target in view!
No target in view!
You barely miss something. Something hits you. Something shocks you.
You tentacle-slap something. You squeeze something. Something hits you.
Something shocks you.
You miss something. Your squeeze misses something. Something hits you.
* * * LOW HITPOINT WARNING * * *
Something shocks you.
* * * LOW HITPOINT WARNING * * *
You feel much better.
A sky beast appears from thin air!
Reactivating autopickup.
The sky beast barely misses you.
You tentacle-slap the sky beast but do no damage.
The sky beast is moderately wounded.
The sky beast hits you. The sky beast shocks you.
You tentacle-slap the sky beast.
The sky beast is heavily wounded.
The sky beast misses you.
You closely miss the sky beast.
The sky beast is heavily wounded.
The sky beast hits you. The sky beast shocks you.
You barely miss the sky beast.
The sky beast is heavily wounded.
The sky beast flickers out of sight!
Deactivating autopickup; reactivate with Ctrl-A.
Something hits you.
* * * LOW HITPOINT WARNING * * *
Something shocks you.
* * * LOW HITPOINT WARNING * * *
You closely miss something. Your squeeze misses something. Something hits you.
* * * LOW HITPOINT WARNING * * *
Something shocks you. Elyvilon protects you from harm!
You tentacle-slap something but do no damage.
Something hits you.
You die...

###+##+#################
...>.............(.....#
........#############.##
.......h# #.# .......{#
#.# ........# #.#
........# #.# #########
#.# ###############.#
###############.#
###############.#
###############.#


There were no monsters in sight!

Vanquished Creatures
  An ogre (D:4)
  Jessica (D:2)
  Robin (D:4)
  An adder (D:2)
  A shadow imp (D:5)
  A worm (D:2)
  3 dart slugs
  6 orcs
  6 ball pythons
  3 bats
  3 endoplasms
  3 giant cockroaches
  13 goblins
  9 hobgoblins
  4 jackals (D:4)
  2 quokkas
  6 frilled lizards
  12 kobolds
  5 rats
81 creatures vanquished.

Notes
Turn   | Place    | Note
-------+----------+-------------------------------------------
     0 | D:1      | senseless the Octopode Shapeshifter began the quest for the
                  | Orb.
     0 | D:1      | Reached XP level 1. HP: 13/13 MP: 1/1
   100 | D:1      | Reached XP level 2. HP: 10/18 MP: 2/2
   174 | D:1      | Reached skill level 1 in Stealth
   533 | D:2      | Reached XP level 3. HP: 20/23 MP: 3/3
   705 | D:2      | Noticed Jessica
   714 | D:2      | Killed Jessica
   715 | D:2      | Reached XP level 4. HP: 11/29 MP: 4/4
  1153 | D:2      | Learned a level 2 spell: Blink
  1156 | D:3      | Found a faded altar of an unknown god.
  1171 | D:3      | Prayed at the altar of an unknown god.
  1171 | D:3      | Became a worshipper of Elyvilon the Healer
  1171 | D:3      | Reached * piety under Elyvilon
  1913 | D:4      | Noticed an ogre
  2081 | D:4      | Killed an ogre
  2082 | D:4      | Reached skill level 4 in Shapeshifting
  2082 | D:4      | Reached XP level 5. HP: 34/34 MP: 5/5
  2139 | D:4      | Reached ** piety under Elyvilon
  2374 | D:4      | Noticed Robin
  2406 | D:4      | Killed Robin
  2407 | D:4      | Reached XP level 6. HP: 14/39 MP: 6/6
  2622 | D:5      | Identified the "Topa"
  2622 | D:5      | Entered Level 5 of the Dungeon
  2684 | D:5      | You are sucked into a shaft and drop 1 floor!
  2718 | D:6      | Noticed a sky beast
  2731 | D:6      | Elyvilon protects you from harm!
  2732 | D:6      | Slain by a sky beast

Illustrated notes

Levels and vault maps discovered:
D:1:      lightli_arrival_farm, layout_basic, minivault_24
D:2:      layout_loops_ring, st_stairs_2, uniq_jessica
D:3:      layout_basic, hellmonk_ecumenical_altar_run_dry, corner_web_ring,
          lexackson_kobold_supper
D:4:      layout_rooms, grunt_ministairs_1, uniq_robin
D:5:      layout_loops_ring, nzn_overflow_gifts_of_might_and_magic,
          minmay_splitting_lines, serial_park_tiny_2, goddamned_bats
D:6:      layout_basic, minmay_temple_entry_poolview,
          nicolae_houndstooth_variations

Skill      XL: |  1  2  3  4 |
---------------+-------------+-----
Stealth        | 1 3 |  3.2
Fighting       | 2 |  2.3
Dodging        | 3 |  3.1
Shapeshifting  | 4 |  4.2
Unarmed Combat | |  3.7

Action                     |  1- 3 |  4- 6 || total
---------------------------+-------+-------++-------
  Melee: Unarmed           |    46 |   120 ||   166
         Constrict         |    11 |    21 ||    32
         Tentacles         |    10 |    25 ||    35
         Punch             |     1 |     5 ||     6
  Throw: Throwing net      |       |     1 ||     1
    Use: Potion            |       |     4 ||     4
         Scroll            |       |     7 ||     7
   Stab: Sleeping          |     4 |     6 ||    10
         Distracted        |       |     1 ||     1
 Armour: Skin              |    17 |   144 ||   161
  Dodge: Dodged            |    16 |    65 ||    81

Table legend: (Time is in decaauts)
 A = Elapsed time spent in this place.
 B = Non-inter-level travel time spent in this place.
 C = Inter-level travel time spent in this place.
 D = Time resting spent in this place.
 E = Time spent auto-exploring this place.
 F = Levels seen in this place.
 G = Mean time per level.
                   A        B        C        D        E       F      G
               +--------+--------+--------+--------+--------+-----+--------+
         Total |   2723 |   2577 |    146 |     31 |   2047 |   6 |  453.8 |
       Dungeon |   2723 |   2577 |    146 |     31 |   2047 |   6 |  453.8 |
               +--------+--------+--------+--------+--------+-----+--------+

Top non-repeatable levels by time:
     D:3: 774 daAuts
     D:4: 684 daAuts
     D:2: 674 daAuts
     D:1: 481 daAuts
     D:5: 61 daAuts
     D:6: 46 daAuts
